 Dungeon Crawl Stone Soup version 0.29-a0-323-g050149af67 (webtiles) character file.

Game seed: 13988070844809199155

5707 Ajdolov the Fighter (level 10, -1/82 (87) HPs)
             Began as a Barachi Ice Elementalist on Apr 10, 2022.
             Was a Believer of Cheibriados.
             Slain by Maggie
             ... wielding a +0 scimitar of draining
              (4 damage)
             ... on level 10 of the Dungeon.
             The game lasted 00:19:58 (13309 turns).

Ajdolov the Fighter (Barachi Ice Elementalist)     Turns: 13309, Time: 00:19:59

HP:   -1/82 (87)    AC:  8    Str: 14    XL:     10   Next: 76%
MP:   9/17          EV: 12    Int: 24    God:    Cheibriados [**....]
Gold: 457           SH:  0    Dex: 16    Spells: 12/19 levels left

rFire   + . .      SeeInvis +   l - +0 falchion
rCold   . . .      Faith    .   (no shield)
rNeg    . . .      Spirit   .   x - +2 leather armour {Will+}
rPois   .          Reflect  .   A - +0 helmet
rElec   .          Harm     .   (no cloak)
rCorr   .          Rampage  .   a - +0 pair of gloves
Will    +....                   (no boots)
Stlth   ++........              (no amulet)
HPRegen 0.23/turn               c - ring of protection from fire
MPRegen 0.15/turn               g - ring of see invisible

@: marked, unable to hop, drained, very slow
A: amphibious, slowness 1, strong legs 1, +LOS
a: Hop, Renounce Religion, Bend Time


You were on level 10 of the Dungeon.
You worshipped Cheibriados.
Cheibriados was pleased with you.
You visited 2 branches of the dungeon, and saw 11 of its levels.

You collected 652 gold pieces.
You spent 195 gold pieces at shops.

Inventory:

Hand Weapons
 l - a +0 falchion (weapon)
Missiles
 C - 5 curare-tipped darts
Armour
 a - a +0 pair of gloves (worn)
 x - a +2 leather armour of willpower (worn)
 A - a +0 helmet (worn)
Magical Staves
 m - a staff of cold
Jewellery
 c - a ring of protection from fire (left hand)
 g - a ring of see invisible (right hand)
Wands
 w - a wand of iceblast (5)
 B - a wand of flame (23)
 D - a wand of mindburst (15)
 H - a wand of acid (5)
Scrolls
 e - 2 scrolls of blinking {unknown}
 f - 4 scrolls of magic mapping
 h - 6 scrolls of teleportation
 p - 8 scrolls of identify
 q - a scroll of vulnerability {unknown}
 s - a scroll of enchant weapon {unknown}
 y - a scroll of summoning {unknown}
 z - 3 scrolls of fear {unknown}
 E - 2 scrolls of amnesia {unknown}
 G - a scroll of noise {unknown}
 J - a scroll of enchant armour {unknown}
Potions
 b - a potion of magic
 d - 4 potions of flight {unknown}
 i - 2 potions of attraction {unknown}
 j - 2 potions of brilliance
 k - a potion of cancellation {unknown}
 n - 3 potions of curing
 o - 3 potions of heal wounds {unknown}
 r - 2 potions of resistance {unknown}
 t - 2 potions of lignification {unknown}
 u - a potion of mutation {unknown}
 v - 2 potions of degeneration {unknown}
 F - a potion of berserk rage {unknown}
 I - a potion of ambrosia {unknown}


   Skills:
 - Level 11.0 Fighting
 - Level 10.0 Long Blades
 * Level 8.0 Armour
 - Level 2.1 Dodging
 - Level 1.7 Stealth
 - Level 5.0 Spellcasting
 - Level 8.0 Ice Magic


You had 12 spell levels left.
You knew the following spells:

 Your Spells              Type           Power      Damage    Failure   Level
a - Freeze                Ice            100%       1d11      1%          1
b - Frozen Ramparts       Ice            88%        1d10      1%          3
c - Ozocubu's Armour      Ice            44%        N/A       1%          3

Your spell library contained the following spells:

 Spells                   Type           Power      Damage    Failure   Level
 Ensorcelled Hibernation  Hex/Ice        50%        N/A       3%          2
 Magic Dart               Conj           24%        1d4       11%         1
 Searing Ray              Conj           12%        2d4       16%         2
 Sublimation of Blood     Necr           6%         N/A       16%         2
 Wereblood                Tmut           6%         N/A       16%         2
 Hailstorm                Conj/Ice       25%        3d7       21%         4
 Ice Form                 Ice/Tmut       25%        N/A       21%         4
 Call Canine Familiar     Summ           6%         N/A       30%         3
 Gell's Gravitas          Tloc           6%         N/A       30%         3
 Inner Flame              Hex/Fire       6%         N/A       30%         3
 Portal Projectile        Hex/Tloc       12%        N/A       30%         3
 Spider Form              Tmut/Pois      6%         N/A       30%         3
 Teleport Other           Tloc           6%         N/A       30%         3
 Anguish                  Hex/Necr       3%         N/A       71%         4
 Cause Fear               Hex            3%         N/A       71%         4
 Fulminant Prism          Conj/Hex       3%         3d6       71%         4
 Leda's Liquefaction      Hex/Erth       3%         N/A       71%         4
 Olgreb's Toxic Radiance  Pois           6%         N/A       71%         4
 Lee's Rapid Deconstruct  Erth           3%         3d6*      96%         5
 Ozocubu's Refrigeration  Ice            22%        4d9       97%         7
 Dispersal                Tloc           3%         N/A       100%        6
 Summon Hydra             Summ           3%         N/A       100%        7
 Discord                  Hex            3%         N/A       100%        8
 Ignition                 Fire           3%         3d4       100%        8


Dungeon Overview and Level Annotations

Branches:
Dungeon (10/15)            Temple (1/1) D:7            Lair (0/6) D:9
    Orc (0/2) D:9

Altars:
Ashenzari
Cheibriados
Dithmenos
Fedhas
Gozag
Hepliaklqana
Kikubaaqudgha
Makhleb
Nemelex Xobeh
Okawaru
Qazlal
Ru
Trog
Uskayaw
Vehumet
Wu Jian
Xom
Yredelemnul

Shops:
D:4 *(?[[

Annotations:
D:4 1 runed translucent door, kae's ghost, amateur TeFE
D:10 Maggie


Innate Abilities, Weirdness & Mutations

You are amphibious.
You cover ground slowly.
You can hop short distances.
You have an extended range of vision and can be seen from far away.


Message History

The bolt of fire misses you.
Aiming: Corrosive Bolt
Press: ? - help, Shift-Dir - straight line, f - basilisk
Aim: a basilisk (64% to hit)
The bolt of acid hits Maggie.
Maggie is moderately wounded.
The bolt of acid hits the basilisk!
The acid corrodes the basilisk!
The basilisk is moderately wounded.
The centaur shoots an arrow.
The arrow hits you.
The centaur shoots an arrow.
The arrow hits you!
The wall freezes Maggie!
Maggie hits you with a +0 scimitar of draining.
* * * LOW HITPOINT WARNING * * *
You feel drained.
* * * LOW HITPOINT WARNING * * *
The wall freezes the basilisk.
The basilisk seems to slow down.
Aiming: Corrosive Bolt
Press: ? - help, Shift-Dir - straight line, f/p - basilisk
Aim: a basilisk (heavily wounded, slow, covered in acid, 64% to hit)
The bolt of acid hits Maggie!
Maggie is severely wounded.
The bolt of acid hits the basilisk!
The basilisk is severely wounded.
The frozen ramparts melt away.
The centaur shoots an arrow.
The arrow hits you.
* * * LOW HITPOINT WARNING * * *
Maggie mumbles some strange words.
Maggie attempts to bespell you! You resist with almost no effort.
Hop to where?
Press: ? - help, Dir - move target, p - basilisk Your icy armour will break if you move.
Continue?
Okay, then.
Hop to where?
Press: ? - help, Dir - move target Your icy armour will break if you move.
Continue?
Your icy armour cracks and falls away as you move.
Boing!
The basilisk bites you.
* * * LOW HITPOINT WARNING * * *
Maggie hits you with a +0 scimitar of draining!
* * * LOW HITPOINT WARNING * * *
You feel drained.
You die...

#.#####.
###......######
.c.......>....#
.##c.....####.#
#......# #......#
#......#### #......○@l#
##.....##@# ########.#
## ### #.# .... ..
#.####.# ### .....##.
#......#...#
.....<#.###..#####.#.#
................)....#
.#.......#.......#...#
.....#......#.....####.


You could see Maggie, a basilisk (slow, corroded) and a centaur.

Vanquished Creatures
  Joseph (D:6)
  A komodo dragon (D:9)
  A troll (D:10)
  Sigmund (D:6)
  3 wyverns
  A steam dragon (D:10)
  A vampire mosquito (D:6)
  Edmund (D:4)
  A water moccasin (D:5)
  An acid dragon (D:10)
  An ice beast (D:6)
  5 orc warriors
  2 sky beasts
  A black bear (D:6)
  3 ogres (D:6)
  2 centaurs
  2 kobold brigands
  A phantom (D:6)
  3 bullfrogs
  3 scorpions
  4 necrophages
  7 killer bees
  6 howler monkeys
  3 jellies (D:5)
  7 orc priests
  4 hounds
  Jessica (D:3)
  4 iguanas
  12 orc wizards
  Terence (D:2)
  4 gnolls (D:5)
  3 adders (D:5)
  2 shadow imps
  A white imp (D:6)
  2 ufetubi (D:4)
  2 worms
  2 dart slugs
  46 orcs
  7 bats
  5 endoplasms
  4 giant cockroaches
  7 goblins
  8 hobgoblins
  3 jackals (D:5)
  4 quokkas
  7 ball pythons
  2 frilled lizards
  13 kobolds
  5 rats
211 creatures vanquished.

Vanquished Creatures (others)
  14 plants
14 creatures vanquished.

Grand Total: 225 creatures vanquished

Notes
Turn   | Place    | Note
-------+----------+-------------------------------------------
     0 | D:1      | Ajdolov the Barachi Ice Elementalist began the quest for
                  | the Orb.
     0 | D:1      | Reached XP level 1. HP: 13/13 MP: 3/3
   425 | D:1      | Reached skill level 5 in Ice Magic
   487 | D:1      | Reached XP level 2. HP: 8/19 MP: 1/5
  1176 | D:1      | Reached XP level 3. HP: 24/24 MP: 3/6
  1253 | D:1      | Found a faded altar of an unknown god.
  1786 | D:2      | Learned a level 3 spell: Frozen Ramparts
  1790 | D:2      | Learned a level 3 spell: Ozocubu's Armour
  2115 | D:2      | Noticed Terence
  2122 | D:2      | Killed Terence
  2123 | D:2      | Reached XP level 4. HP: 30/30 MP: 0/8
  3085 | D:3      | Noticed Jessica
  3091 | D:3      | Killed Jessica
  3092 | D:3      | Reached skill level 1 in Long Blades
  3092 | D:3      | Reached XP level 5. HP: 23/35 MP: 2/9
  3625 | D:4      | Found Vixac's General Store.
  3629 | D:4      | Bought a scroll of teleportation for 42 gold pieces
  3629 | D:4      | Found a runed translucent door.
  3631 | D:4      | Noticed kae's ghost (amateur TeFE)
  3631 | D:4      | Noticed a kobold brigand
  3652 | D:4      | Noticed Edmund
  3667 | D:4      | Killed Edmund
  3668 | D:4      | Reached XP level 6. HP: 20/41 MP: 1/11
  4055 | D:4      | Found Epank's Magic Scroll Emporium.
  4064 | D:4      | Bought a scroll of identify for 28 gold pieces
  4064 | D:4      | Bought a scroll of magic mapping for 49 gold pieces
  4385 | D:4      | Found Quseph's Armour Shoppe.
  4404 | D:4      | Found Uppypuk's Antique Armour Shop.
  4429 | D:4      | Bought a pair of gloves for 76 gold pieces
  4615 | D:4      | Found Runkyem's Weapon Shoppe.
  5252 | D:5      | Entered Level 5 of the Dungeon
  5655 | D:4      | Reached XP level 7. HP: 33/46 MP: 9/13
  5962 | D:5      | Reached skill level 5 in Long Blades
  7261 | D:5      | Reached skill level 5 in Spellcasting
  7261 | D:5      | Reached XP level 8. HP: 44/52 MP: 11/15
  7950 | D:6      | Found a shadowy altar of Dithmenos.
  7950 | D:6      | Found a blossoming altar of Fedhas.
  8442 | D:6      | Noticed Sigmund
  8459 | D:6      | Reached skill level 10 in Long Blades
  8459 | D:6      | Reached skill level 1 in Fighting
  8468 | D:6      | Killed Sigmund
  8469 | D:6      | Reached skill level 3 in Fighting
  8469 | D:6      | Reached XP level 9. HP: 15/65 MP: 3/16
  8753 | D:6      | Reached skill level 4 in Fighting
  8853 | D:6      | Found a stormy altar of Qazlal.
  8898 | D:6      | Reached skill level 5 in Fighting
  8907 | D:6      | Reached skill level 6 in Fighting
  9024 | D:6      | Reached skill level 7 in Fighting
  9233 | D:7      | Noticed Joseph
  9247 | D:6      | Killed Joseph
  9248 | D:6      | Reached skill level 8 in Fighting
 10030 | D:7      | Reached skill level 9 in Fighting
 10237 | D:7      | Found a staircase to the Ecumenical Temple.
 10284 | Temple   | Entered the Ecumenical Temple
 10463 | Temple   | Became a worshipper of Cheibriados the Contemplative
 10900 | D:8      | Reached XP level 10. HP: 77/85 MP: 10/17
 10954 | D:8      | Reached skill level 10 in Fighting
 11185 | D:8      | Got the Volume of Earthen Cold
 11301 | D:8      | Reached * piety under Cheibriados
 11607 | D:9      | Reached skill level 1 in Armour
 12002 | D:9      | Reached skill level 11 in Fighting
 12412 | D:9      | Reached ** piety under Cheibriados
 12505 | D:9      | Found a staircase to the Orcish Mines.
 12579 | D:9      | Found a staircase to the Lair.
 12600 | D:9      | Reached skill level 5 in Armour
 12862 | D:10     | Entered Level 10 of the Dungeon
 13303 | D:10     | Noticed Maggie
 13309 | D:10     | HP: 3/84 [Maggie/+0 scimitar of draining (10)]
 13309 | D:10     | Slain by Maggie

Illustrated notes

Levels and vault maps discovered:
D:1:      minmay_arrival_shoal_huts, layout_loops_corners,
          shapermc_ecumenical_altar_acropolis
D:2:      layout_rooms, uniq_terence
D:3:      layout_loops_cross, chequers_serial_rivers_micro_b, uniq_jessica
D:4:      layout_layer_cave, serial_shops, nicolae_shop_advertising_works
          [nicolae_subvault_shop_adworks], shop_coins, nicolae_shop_trees,
          nicolae_lakefront_shop, nicolae_shop_crystal,
          ebering_ghost_inner_flame, uniq_edmund
D:5:      layout_basic, minmay_misc_feat_five
D:6:      minmay_razor_zed, layout_loops_cross,
          gammafunk_temple_overflow_statue, nicolae_qazlal_eye_of_the_storm,
          uniq_sigmund
D:7:      layout_loops_ring, minmay_temple_entry_overgrown, uniq_joseph
D:8:      layout_rooms, minmay_misc_feat_iff, chequers_serial_rivers_micro_c,
          small_statue_alley_b
D:9:      layout_irregular_city, david_lair_shrubbed
D:10:     layout_basic, nicolae_overflow_hidden_temple,
          minmay_increasing_density, uniq_maggie
Temple:   regret_index_temple_generic_petals

Skill      XL: |  1  2  3  4  5  6  7  8  9 10 |
---------------+-------------------------------+-----
Ice Magic      | 5 6 7 8 |  8.0
Spellcasting   | 3 4 5 |  5.0
Long Blades    | 1 2 4 6 10 | 10.0
Fighting       | 3 9 11 | 11.0
Armour         | 8 |  8.0
Dodging        | |  2.1
Stealth        | |  1.7

Action                   |  1- 3 |  4- 6 |  7- 9 | 10-12 || total
-------------------------+-------+-------+-------+-------++-------
Melee: Unarmed           |    13 |     3 |       |       ||    16
       Falchion          |       |   107 |   184 |   115 ||   406
       Punch             |       |       |     2 |       ||     2
 Cast: Freeze            |    60 |     5 |       |       ||    65
       Frozen Ramparts   |     2 |    11 |    38 |    19 ||    70
       Ozocubu's Armour  |     1 |     4 |    11 |     8 ||    24
 Abil: Hop               |       |     1 |       |     1 ||     2
Evoke: Wand              |       |       |     7 |     2 ||     9
  Use: Potion            |       |       |     3 |       ||     3
 Stab: Sleeping          |       |     2 |     1 |       ||     3
Armor: Robe              |    11 |    10 |       |       ||    21
       Leather armour    |       |    34 |    54 |    37 ||   125
Dodge: Dodged            |    42 |    93 |    97 |    64 ||   296

Table legend: (Time is in decaauts)
 A = Elapsed time spent in this place.
 B = Non-inter-level travel time spent in this place.
 C = Inter-level travel time spent in this place.
 D = Time resting spent in this place.
 E = Time spent auto-exploring this place.
 F = Levels seen in this place.
 G = Mean time per level.
                   A        B        C        D        E       F      G
               +--------+--------+--------+--------+--------+-----+--------+
         Total |  15119 |  14683 |    436 |   2770 |  10203 |  11 | 1374.5 |
       Dungeon |  14852 |  14468 |    384 |   2770 |  10004 |  10 | 1485.2 |
        Temple |    266 |    215 |     51 |      0 |    199 |   1 |  266.0 |
               +--------+--------+--------+--------+--------+-----+--------+

Top non-repeatable levels by time:
     D:5: 2376 daAuts
     D:6: 2355 daAuts
     D:4: 1908 daAuts
     D:1: 1852 daAuts
     D:9: 1701 daAuts
     D:3: 1252 daAuts
     D:8: 1142 daAuts
     D:7: 858 daAuts
     D:2: 857 daAuts
    D:10: 546 daAuts
  Temple: 266 daAuts
